 Dungeon Crawl Stone Soup version 0.20-a0-267-g4a7ec2a (webtiles) character file.

70 Yakui the Slasher (level 4, -1/35 HPs)
             Began as a Human Berserker on Dec 6, 2016.
             Was a Believer of Trog.
             Slain by a worm (2 damage)
             ... on level 2 of the Dungeon.
             The game lasted 00:02:28 (1375 turns).

Yakui the Slasher (Human Berserker)                 Turns: 1375, Time: 00:02:29

Health: -1/35      AC:  6    Str: 18    XL:     4   Next: 44%
Magic:  4/4        EV: 11    Int:  7    God:    Trog [**....]
Gold:   64         SH:  0    Dex: 13    Spells: 3/3 levels left

rFire  . . .     SeeInvis .     a - +0 falchion
rCold  . . .     Gourm    .     h - +0 ring mail (curse)
rNeg   . . .     Faith    .     (no shield)
rPois  .         Spirit   .     (no helmet)
rElec  .         Reflect  .     (no cloak)
rCorr  +         Harm     .     k - +0 pair of gloves
MR     .....                    (no boots)
Stlth  +.........               (no amulet)
                                (no ring)
                                d - ring of resist corrosion

@: no status effects
A: no striking features
a: Berserk, Trog's Hand, Burn Spellbooks, Renounce Religion


You were on level 2 of the Dungeon.
You worshipped Trog.
Trog was pleased with you.
You were not hungry.

You visited 1 branch of the dungeon, and saw 2 of its levels.

You collected 64 gold pieces.

Inventory:

Hand Weapons
 a - a +0 falchion (weapon)
Missiles
 o - 8 stones (quivered)
Armour
 h - a cursed +0 ring mail (worn)
 k - a +0 pair of gloves (worn)
Jewellery
 d - a ring of resist corrosion (left hand)
Scrolls
 e - 2 scrolls of identify {unknown}
 g - a scroll of amnesia {unknown}
 i - 2 scrolls of recharging {unknown}
 j - a scroll of remove curse {unknown}
Potions
 f - a potion of resistance {unknown}
 l - a potion of curing {unknown}
 m - a potion of cancellation {unknown}
Comestibles
 b - 4 meat rations
 c - 2 bread rations
 n - 2 chunks of flesh


   Skills:
 + Level 3.4 Fighting
 * Level 3.7 Long Blades
 + Level 2.8 Armour
 + Level 2.5 Dodging


You had 3 spell levels left.
You didn't know any spells.

Dungeon Overview and Level Annotations

Branches:
Dungeon (2/15)

Altars:


Message History

Aim: a worm (moderately wounded)
You throw a stone.
The stone hits the worm but does no damage.
The worm is moderately wounded.
Throwing (i - inventory):
o - 9 stones (quivered)
Press: ? - help, Shift-Dir - straight line, f/p - worm
Aim: a worm (moderately wounded)
You throw a stone.
The stone hits the worm but does no damage.
The worm is moderately wounded.
You hit the worm.
The worm is severely wounded.
The worm bites you.
* * * LOW HITPOINT WARNING * * *
You barely miss the worm.
The worm is heavily wounded.
You hit the worm but do no damage.
The worm is heavily wounded.
The worm bites you.
You die...

###...............
#.....).........
#.......>....... ....
#............... ##........
#.....<.......<. ..........
#............... .........#
##.........)#### .........#
#####...##.....####
.........#####.@......+.....'...
.............#w########.....####
.............(...# ......(...
...........(.#.#.# ########..
.............+..... ...
........(....#.#.#.# ....
.............#.#.#.# ....
.......##....#.# # # ....
##'#### ######.#


You could see a worm.

Vanquished Creatures
  An adder (D:2)
  2 worms (D:2)
  4 dart slugs (D:1)
  A leopard gecko (D:1)
  8 bats (D:1)
  2 giant cockroaches
  4 goblins (D:1)
  3 hobgoblins
  7 jackals
  2 kobolds
  A quokka (D:2)
  4 frilled lizards
  4 rats (D:1)
  A plant (D:1)
44 creatures vanquished.

Notes
Turn   | Place    | Note
-------+----------+-------------------------------------------
     0 | D:1      | Yakui the Human Berserker began the quest for the Orb.
     0 | D:1      | Reached XP level 1. HP: 18/18 MP: 1/1
   187 | D:1      | Reached XP level 2. HP: 17/24 MP: 2/2
   429 | D:1      | Reached XP level 3. HP: 29/29 MP: 3/3
   602 | D:1      | Reached ** piety under Trog
   947 | D:2      | Reached XP level 4. HP: 26/35 MP: 4/4
  1359 | D:2      | HP: 1/35 [worm (8)]
  1373 | D:2      | HP: 1/35 [worm (2)]
  1375 | D:2      | Slain by a worm

Vault maps used:
D:1:      roderic_crop_circles_arrival_large, dk_noncrumbling_3
D:2:      gammafunk_temple_overflow_pools, chequers_ecumenical_altar_simple,
          uniq_sigmund

Action                   |  1- 3 |  4- 6 || total
-------------------------+-------+-------++-------
Melee: Falchion          |   158 |    52 ||   210
Throw: Stone             |       |     4 ||     4
  Eat: Chunk             |       |     2 ||     2
Armor: Animal skin       |     9 |       ||     9
       Ring mail         |    30 |    17 ||    47
Dodge: Dodged            |    76 |    24 ||   100
       Rpst.: Falchion   |    26 |     3 ||    29
